 Dungeon Crawl Stone Soup version 0.26-a0-597-gb535b0901c (webtiles) character file.

Game seed: 3840864620539428445

592 kae the Ruffian (level 7, -3/52 HPs)
             Began as a Red Draconian Transmuter on Aug 26, 2020.
             Was a Believer of Uskayaw.
             Slain by a killer bee zombie (8 damage)
             ... on level 7 of the Dungeon.
             The game lasted 00:03:02 (2910 turns).

kae the Ruffian (Red Draconian Transmuter)          Turns: 2910, Time: 00:03:03

Health: -3/52      AC:  6    Str: 15    XL:     7   Next: 16%
Magic:  9/10       EV: 12    Int: 13    God:    Uskayaw [**....]
Gold:   299        SH:  0    Dex: 11    Spells: 4/10 levels left

rFire    + . .     SeeInvis .   a - +11 spear "Icsime" {venom, +Blink MR+}
rCold    . . .     Faith    .   (no shield)
rNeg     . . .     Spirit   .   (armour unavailable)
rPois    .         Reflect  .   (helmet currently unavailable)
rElec    .         Harm     .   (no cloak)
rCorr    .                      (no gloves)
MR       +....                  (boots currently unavailable)
Stlth    +.........             (no amulet)
HPRegen  0.17/turn              (no ring)
MPRegen  0.12/turn              (no ring)

@: appendages
A: breathe fire, unfitting armour, horns 2, talons 2, fire resistance 1,
cold-blooded, AC +6
a: Breathe Fire, End Transformation, Stomp, Line Pass, Renounce Religion, Evoke
Blink


You were on level 7 of the Dungeon.
You worshipped Uskayaw.
Uskayaw was noncommittal.
You had grown temporary horns.
You had grown temporary talons.
You visited 1 branch of the dungeon, and saw 5 of its levels.

You collected 299 gold pieces.

Inventory:

Hand Weapons
 a - the +11 spear "Icsime" (weapon) {venom, +Blink MR+}
   (You found it on level 4 of the Dungeon)

   It poisons the flesh of those it strikes.
   It affects your resistance to hostile enchantments.
   It lets you blink.
Jewellery
 g - an uncursed ring of protection from fire {unknown}
Scrolls
 b - a scroll of teleportation
 e - 2 scrolls of remove curse
 k - a scroll of enchant armour {unknown}
Potions
 c - 2 potions of curing
 d - a potion of mutation
 f - a potion of heal wounds
 h - a potion of stabbing
 i - a potion of lignification
 j - a potion of haste
 l - a potion of brilliance {unknown}
 m - a potion of flight {unknown}


   Skills:
 - Level 1.1 Fighting
 - Level 1.7 Dodging
 * Level 7.0 Unarmed Combat
 - Level 2.0 Spellcasting
 + Level 4.8 Transmutations


You had 4 spell levels left.
You knew the following spells:

 Your Spells              Type           Power        Failure   Level
a - Beastly Appendage     Tmut           ##....       3%          1
b - Wereblood             Tmut           ##......     5%          2
c - Spider Form           Tmut/Pois      #.........   28%         3

Your spell library contained the following spells:

 Spells                   Type           Power        Failure   Level
 Ice Form                 Ice/Tmut       #.......     67%         4
 Blade Hands              Tmut           ##........   69%         5


Dungeon Overview and Level Annotations

Branches:
Dungeon (4/15)             Temple (0/1) D:7

Altars:
Hepliaklqana
Uskayaw


Innate Abilities, Weirdness & Mutations

You can breathe blasts of fire.
Your fiery red scales are hard. (AC +6)
You cannot fit into any form of body armour.
Your flesh is heat resistant. (rF+)
You are cold-blooded and may be slowed by cold attacks.
You have a pair of horns on your head.
You have razor-sharp toenails.


Message History

Your tail-slap misses the killer bee zombie.
The killer bee zombie is almost destroyed.
The killer bee zombie hits you.
* * * LOW HITPOINT WARNING * * *
The black bear bites you.
* * * LOW HITPOINT WARNING * * *
The black bear misses you. The black bear claws you.
* * * LOW HITPOINT WARNING * * *
The killer bee zombie misses you.
You barely miss the black bear. You claw the black bear.
You headbutt the black bear.
You kill the black bear!
Your Unarmed Combat skill increases to level 7!
You have reached level 7!
Your scales start taking on a fiery red colour.
You learn Fire Magic much quicker.
You learn Ice Magic much slower.
You can breathe blasts of fire.
You feel resistant to heat. The killer bee zombie hits you!
You die...

########## #.)..)....
#......... ###.........
#........... #(..........
#.Z†...... #.@....##
######## #####.+
###.....# .......#####
####+##### ..........#
$......#.#######........#
.........<.......##..#..#
...)..........##........#


You could see a killer bee zombie.

Vanquished Creatures
  Sigmund (D:2)
  A black bear (D:7)
  An ogre (D:7)
  A bullfrog (D:7)
  A bullfrog zombie (D:3)
  Jessica (D:1)
  2 adders
  7 gnolls
  2 oozes
  An adder zombie (D:7)
  2 worms (D:2)
  An orc (D:7)
  3 giant cockroaches
  4 goblins
  5 hobgoblins
  4 jackals (D:2)
  A quokka (D:3)
  A ball python (D:3)
  7 bats
  2 frilled lizards (D:1)
  7 kobolds
  10 rats
65 creatures vanquished.

Notes
Turn   | Place    | Note
-------+----------+-------------------------------------------
     0 | D:1      | kae the Draconian Transmuter began the quest for the Orb.
     0 | D:1      | Reached XP level 1. HP: 16/16 MP: 3/3
   214 | D:1      | Reached XP level 2. HP: 23/23 MP: 3/5
   626 | D:2      | Noticed Jessica
   631 | D:1      | Killed Jessica
   631 | D:1      | Reached skill level 4 in Unarmed Combat
   631 | D:1      | Reached XP level 3. HP: 24/28 MP: 4/6
   992 | D:2      | Noticed Sigmund
  1213 | D:2      | Learned a level 2 spell: Wereblood
  1222 | D:2      | Learned a level 3 spell: Spider Form
  1654 | D:2      | Reached XP level 4. HP: 31/35 MP: 7/7
  1684 | D:2      | Killed Sigmund
  1684 | D:2      | Reached skill level 5 in Unarmed Combat
  1684 | D:2      | Reached XP level 5. HP: 35/40 MP: 1/8
  1933 | D:3      | Reached XP level 6. HP: 27/47 MP: 6/9
  2195 | D:3      | Found a hide-covered altar of Uskayaw.
  2209 | D:3      | Became a worshipper of Uskayaw the Reveler
  2226 | D:3      | Reached * piety under Uskayaw
  2227 | D:3      | Reached skill level 6 in Unarmed Combat
  2422 | D:3      | Found a hazy altar of Hepliaklqana.
  2576 | D:4      | Got a smoking spear
  2577 | D:4      | Identified the +11 spear "Icsime" {venom, +Blink MR+} (You
                  | found it on level 4 of the Dungeon)
  2641 | D:4      | You fall into a shaft and drop 3 floors!
  2663 | D:7      | Reached ** piety under Uskayaw
  2750 | D:7      | Found a staircase to the Ecumenical Temple.
  2910 | D:7      | Reached skill level 7 in Unarmed Combat
  2910 | D:7      | Your scales start taking on a fiery red colour.
  2910 | D:7      | Reached XP level 7. HP: 5/52 MP: 8/10
  2910 | D:7      | Gained mutation: Your flesh is heat resistant. (rF+) [Red
                  | Draconian growth]
  2910 | D:7      | Slain by a killer bee zombie

Illustrated notes

Levels and vault maps discovered:
D:1:      dpeg_arrival_shrine, layout_rooms
D:2:      layout_loops_ring, corner_web_ring, uniq_sigmund, uniq_natasha,
          uniq_jessica
D:3:      layout_rooms, lemuel_round_altar, nicolae_overflow_crystal_walls,
          serial_corexii_hall, corexii_hall_statues_deadend,
          chequers_hall_statues_y, corexii_hall_statues_s
D:4:      layout_loops_cross, grunt_ashenzari_visionary
          [grunt_ashenzari_visionary_swamp, grunt_ashenzari_visionary_snake],
          uniq_blork_the_orc
D:7:      lemuel_insect_pit, layout_rooms, minmay_temple_entry_ruins,
          guppyfry_shop_venom

Skill      XL: |  1  2  3  4  5  6 |
---------------+-------------------+-----
Unarmed Combat | 4 5 7 |  7.0
Transmutations | 3 4 |  4.8
Fighting       | |  1.1
Dodging        | |  1.7
Spellcasting   | |  2.0

Action                   |  1- 3 |  4- 6 |  7- 9 || total
-------------------------+-------+-------+-------++-------
Melee: Unarmed           |    89 |    89 |       ||   178
       Kick              |    18 |    16 |       ||    34
       Tailslap          |     7 |     6 |       ||    13
       Headbutt          |     7 |    10 |       ||    17
       Punch             |       |     3 |       ||     3
       Spear             |       |    28 |       ||    28
 Cast: Beastly Appendage |    23 |    13 |       ||    36
       Spider Form       |       |     1 |       ||     1
  Use: Scroll            |     7 |     5 |       ||    12
       Potion            |     1 |     1 |       ||     2
Armor: Skin              |    50 |    38 |       ||    88
Dodge: Dodged            |    84 |   114 |       ||   198

Table legend: (Time is in decaauts)
 A = Elapsed time spent in this place.
 B = Non-inter-level travel time spent in this place.
 C = Inter-level travel time spent in this place.
 D = Time resting spent in this place.
 E = Time spent auto-exploring this place.
 F = Levels seen in this place.
 G = Mean time per level.
                   A        B        C        D        E       F      G
               +--------+--------+--------+--------+--------+-----+--------+
         Total |   2900 |   2812 |     88 |    389 |   1907 |   5 |  580.0 |
       Dungeon |   2900 |   2812 |     88 |    389 |   1907 |   5 |  580.0 |
               +--------+--------+--------+--------+--------+-----+--------+

Top non-repeatable levels by time:
     D:2: 1005 daAuts
     D:3: 805 daAuts
     D:1: 732 daAuts
     D:7: 271 daAuts
     D:4: 86 daAuts
